 Dungeon Crawl Stone Soup version 0.19.0-11-g3fc08b3 (webtiles) character file.

25854 inmateoo the Ripper (level 12, -6/55 HPs)
             Began as a Felid Abyssal Knight on Nov 8, 2016.
             Was the Champion of Lugonu.
             Mangled by an enchanted long sword (17 damage)
             ... on level 13 of the Dungeon.
             The game lasted 00:37:07 (26423 turns).

inmateoo the Ripper (Felid Abyssal Knight)         Turns: 26423, Time: 00:37:07

Health: -6/55      AC:  3    Str: 13      XL:     12   Next: 93%
Magic:  20/20      EV: 29    Int: 14      God:    Lugonu [******]
Gold:   1309       SH:  0    Dex: 16 (17) Spells: 2 memorised, 16 levels left
                                        Lives:  0   Deaths: 4

rFire  + . .     SeeInvis +       - Unarmed
rCold  + . .     Gourm    .     (armour unavailable)
rNeg   . . .     Faith    .     (shield unavailable)
rPois  +         Spirit   .     (helmet unavailable)
rElec  .         Reflect  .     (cloak unavailable)
rCorr  .         Harm     .     (gloves unavailable)
MR     +....                    (boots unavailable)
Stlth  +++++++...               k - amulet of rage
                                A - ring of protection from fire
                                w - ring of poison resistance

@: studying Hexes, quick
A: no armour, no weapons or thrown items, stealth, claws 1, fangs 3, repulsion
field 1, camouflage 1, see invisible, blink, carnivore 3, deterioration 1, speed
1, low mp 1, shaggy fur 3, slow metabolism 1, strong 1, sharp paws
a: Blink, Depart the Abyss, Bend Space, Banish, Corrupt, Enter the Abyss,
Renounce Religion, Evoke Berserk Rage


You were on level 13 of the Dungeon.
You worshipped Lugonu.
Lugonu was exalted by your worship.
You were not hungry.

You visited 2 branches of the dungeon, and saw 19 of its levels.
You visited the Abyss 1 time.

You collected 1309 gold pieces.

Inventory:

Jewellery
 j - an uncursed ring of protection from cold
 k - an amulet of rage (around neck)
 w - a ring of poison resistance (left paw)
 A - a ring of protection from fire (right paw)
 D - an uncursed ring of resist corrosion
Wands
 d - a wand of slowing (20/48)
 t - a wand of flame (27/48)
 v - a wand of flame (31/48)
 x - a wand of polymorph (12/24)
 y - a wand of polymorph (17/24)
 F - a wand of teleportation (8/9)
 I - a wand of enslavement (15/24)
Scrolls
 c - 6 scrolls of fear
 e - 2 scrolls of amnesia
 f - 3 scrolls of blinking
 m - 5 scrolls of identify
 n - a scroll of recharging
 q - 5 scrolls of remove curse
 J - a scroll of teleportation
Potions
 b - 7 potions of brilliance
 i - 2 potions of ambrosia
 l - 4 potions of curing
 p - a potion of resistance
 s - a potion of berserk rage
 B - a potion of magic
 G - a potion of flight
Books
 r - a book of Geomancy

   Spells                             Type                      Level
   a - Sandblast                      Earth                        1
   b - Passwall                       Transmutation/Earth          2
   c - Stone Arrow                    Conjuration/Earth            3
   d - Petrify                        Transmutation/Earth          4
   e - Lee's Rapid Deconstruction     Earth                        5
 u - a book of Conjurations

   Spells                             Type                      Level
   a - Magic Dart                     Conjuration                  1
   b - Searing Ray                    Conjuration                  2
   c - Dazzling Spray                 Conjuration/Hexes            3
   d - Fulminant Prism                Conjuration/Hexes            4
   e - Iskenderun's Mystic Blast      Conjuration                  4
   f - Iskenderun's Battlesphere      Conjuration/Charms           5
 C - a manual of Hexes
 E - a book of Unlife

   Spells                             Type                      Level
   a - Recall                         Summoning/Translocation      3
   b - Animate Dead                   Necromancy                   4
   c - Control Undead                 Necromancy                   4
   d - Cigotuvi's Embrace             Necromancy                   5
   e - Death Channel                  Necromancy                   6
   f - Simulacrum                     Ice/Necromancy               6
 L - a book of Necromancy

   Spells                             Type                      Level
   a - Pain                           Necromancy                   1
   b - Animate Skeleton               Necromancy                   1
   c - Vampiric Draining              Necromancy                   3
   d - Regeneration                   Charms/Necromancy            3
   e - Animate Dead                   Necromancy                   4
   f - Control Undead                 Necromancy                   4
Comestibles
 a - 5 meat rations
 g - a royal jelly
 h - 9 slices of pizza
 o - 4 beef jerkies


   Skills:
 - Level 8.0 Fighting
 + Level 11.4 Dodging
 + Level 12.5 Stealth
 * Level 16.9 Unarmed Combat
 + Level 6.3 Spellcasting
 + Level 6.6 Conjurations
 + Level 13.0 Hexes
 - Level 1.7 Invocations
 - Level 8.2 Evocations


You had 16 spell levels left.
You knew the following spells:

 Your Spells              Type           Power        Failure   Level  Hunger
a - Fulminant Prism       Conj/Hex       ####......   3%          4    ####...
b - Dazzling Spray        Conj/Hex       ####..       1%          3    ###....


Dungeon Overview and Level Annotations

Branches:
Dungeon (14/15)            Temple (0/1) D:6            Lair (5/6) D:9
 Shoals (0/4) Lair:4       Spider (0/4) Lair:4          Orc (0/2) D:12
  Slime: Lair:5-6    Vaults: D:13-14

Altars:
Ashenzari
Cheibriados
Dithmenos
Elyvilon
Hepliaklqana
Kikubaaqudgha
Qazlal
Ru
Trog
Yredelemnul
Zin
The Shining One


Innate Abilities, Weirdness & Mutations

You cannot wear armour.
You are incapable of wielding weapons or throwing items.
Your paws allow you to move quietly. (Stealth)
You have sharp claws.
You have razor-sharp teeth.
You have supernaturally acute eyesight. (SInv)
You are carnivorous and can eat meat at any time.
You cover ground quickly.
Your thick and shaggy fur keeps you warm. (AC +3, rC+)
You have a slow metabolism.
Your sharp claws are effective at attacking unaware monsters.
You are surrounded by a mild repulsion field. (EV +2)
Your skin changes colour to match your surroundings (Stealth+).
You can translocate small distances at will.
Your body sometimes deteriorates upon taking damage.
Your magical capacity is low. (-10% MP)
Your muscles are strong. (Str +2)


Message History

You scratch the hound. Your bite misses the hound.
The hound is lightly wounded.
The ice beast moves out of view.
The hound completely misses you.
You mangle the hound!!
You kill the hound!
Lugonu accepts your kill.
An enchanted long sword comes into view.
You completely miss the enchanted long sword.
You claw the enchanted long sword, but do no damage.
The enchanted long sword hits you!!
You barely miss the enchanted long sword.
Your bite misses the enchanted long sword.
The enchanted long sword hits you!
You barely miss the enchanted long sword.
The enchanted long sword completely misses you.
You fail to use your ability.
The enchanted long sword hits you!
* * * LOW HITPOINT WARNING * * *
Your body deteriorates!
You feel clumsy.
You miss the enchanted long sword. The enchanted long sword hits you!
You die...

##.....#
######.### #####.#
##......... #.#
#.......... #.#
#..........
#.######.......(..
#...........#.#...
#.##.####..##
#.##.# #..$#
#.##.# #.@##
#.##.# #.Y(#
#.#.#. .......
#... ...........
## ######.........
#.........
####...... ######


You could see an ice beast and an enchanted long sword.

Vanquished Creatures
  Rupert (D:14)
  2 tengu reavers (D:12)
  A frost giant (D:12)
  A centaur warrior (D:14)
  A death knight (D:12)
  A queen ant (Lair:3)
  A tengu warrior (D:12)
  A skeletal warrior (D:12)
  2 unseen horrors
  A hill giant (shapeshifter) (D:12)
  6 hill giants
  3 ugly things
  A manticore (D:13)
  A cyclops (D:12)
  A deep elf mage (D:12)
  Joseph (D:8)
  Psyche (D:8)
  8 black mambas
  2 gargoyles (D:12)
  6 spiny frogs
  Maurice (D:8)
  2 komodo dragons
  A kobold demonologist (D:14)
  3 trolls
  2 two-headed ogres
  3 slime creatures (D:12)
  7 hippogriffs
  A meliai zombie (D:12)
  10 blink frogs
  7 dream sheep (Lair:4)
  A vampire (D:12)
  35 yaks
  A shadow (D:14)
  4 wyverns
  Sigmund (D:2)
  3 basilisks
  A vampire mosquito (D:12)
  3 hungry ghosts
  7 soldier ants
  9 porcupines
  10 water moccasins
  8 sky beasts
  6 ice beasts
  2 black bears
  12 orc warriors
  5 necrophages
  An eye of draining (D:5)
  2 phantoms
  10 ogres
  18 wolves
  13 crocodiles
  16 centaurs
  A gnoll sergeant (D:10)
  11 bullfrogs
  A wyvern zombie (D:12)
  A wyvern skeleton (D:12)
  2 scorpions
  7 wights
  12 killer bees
  4 howler monkeys
  2 centaur zombies
  9 crimson imps
  3 bullfrog zombies
  A quasit (D:12)
  A bullfrog skeleton (D:12)
  A gnoll shaman (D:9)
  6 hounds
  7 orc priests
  A centaur skeleton (D:4)
  An iron imp (D:5)
  2 jellies
  15 orc wizards
  3 iguanas
  29 worker ants
  A hound skeleton (D:9)
  2 worker ant zombies
  A howler monkey zombie (D:8)
  13 gnolls
  A howler monkey skeleton (D:6)
  4 river rats
  18 adders
  4 shadow imps
  3 oozes
  An adder skeleton (D:9)
  A worm (D:4)
  7 leopard geckos
  42 orcs
  7 giant cockroaches
  5 hobgoblins
  14 jackals
  8 kobolds
  6 quokkas
  7 bats
  6 frilled lizards
  10 goblins
  A quokka zombie (D:5)
  6 rats
535 creatures vanquished.

Vanquished Creatures (others)
  A crocodile (Lair:4)
  14 bushes
  9 fulminant prisms
  7 fungi
  16 plants
  2 starspawn tentacles (Abyss:3)
49 creatures vanquished.

Grand Total: 584 creatures vanquished

Notes
Turn   | Place    | Note
-------+----------+-------------------------------------------
     0 | Abyss:1  | inmateoo the Felid Abyssal Knight began the quest for the Orb.
     0 | Abyss:1  | Reached XP level 1. HP: 10/10 MP: 3/3
    15 | Abyss:2  | Found a corrupted altar of Lugonu.
    38 | Abyss:3  | Found a radiant altar of Vehumet.
    80 | Abyss:3  | Noticed a tentacled starspawn
    82 | Abyss:3  | Noticed a large abomination
    84 | D:1      | Escaped the Abyss
   202 | D:1      | Reached skill level 1 in Stealth
   276 | D:1      | Reached XP level 2. HP: 11/14 MP: 4/4
   937 | D:2      | Found a stormy altar of Qazlal.
  1082 | D:2      | Reached * piety under Lugonu
  1161 | D:2      | Reached XP level 3. HP: 14/17 MP: 5/5
  1370 | D:2      | Found a white marble altar of Elyvilon.
  1435 | D:2      | Noticed Sigmund
  1590 | D:3      | Reached skill level 3 in Unarmed Combat
  1598 | D:3      | Reached skill level 1 in Evocations
  1638 | D:3      | Reached XP level 4. HP: 17/21 MP: 6/6
  2521 | D:2      | Killed Sigmund
  2521 | D:2      | Reached skill level 4 in Unarmed Combat
  2521 | D:2      | Reached XP level 5. HP: 19/24 MP: 7/7
  2593 | D:2      | You fall through a shaft for 2 floors!
  2673 | D:4      | Gained mutation: You are covered in thick fur. (AC +2) [Felid growth]
  2673 | D:4      | Reached XP level 6. HP: 10/28 MP: 8/8
  3920 | D:4      | Reached skill level 5 in Stealth
  3974 | D:4      | Reached ** piety under Lugonu
  4480 | D:2      | Reached XP level 7. HP: 31/31 MP: 9/9
  4554 | D:2      | Found a shadowy altar of Dithmenos.
  4562 | D:2      | Gained mutation: Your spells are a little harder to cast, but a little more powerful. [potion of mutation]
  4562 | D:2      | Gained mutation: You are partially covered in rugged brown scales. (AC +1, +3% HP) [potion of mutation]
  4562 | D:2      | Gained mutation: Your body sometimes deteriorates upon taking damage. [potion of mutation]
  4716 | D:5      | Entered Level 5 of the Dungeon
  4736 | D:5      | Reached skill level 5 in Unarmed Combat
  5477 | D:5      | Found a bloodstained altar of Trog.
  5546 | D:5      | Reached skill level 5 in Dodging
  5901 | D:5      | Reached skill level 6 in Unarmed Combat
  6283 | D:5      | Reached XP level 8. HP: 37/37 MP: 11/11
  6412 | D:5      | Found a snail-covered altar of Cheibriados.
  7257 | D:6      | Found a shattered altar of Ashenzari.
  7714 | D:6      | Found a staircase to the Ecumenical Temple.
  7720 | D:6      | Reached skill level 7 in Unarmed Combat
  8363 | D:7      | Reached skill level 5 in Fighting
  8538 | D:7      | Identified a scroll of acquirement
  8548 | D:7      | Found a glowing golden altar of the Shining One.
  8557 | D:7      | Found a basalt altar of Yredelemnul.
  8559 | D:7      | Noticed a profane servitor
  8591 | D:7      | Reached XP level 9. HP: 40/40 MP: 13/13
  8672 | D:7      | Found an ancient bone altar of Kikubaaqudgha.
  8672 | D:7      | Found a glowing silver altar of Zin.
  8677 | D:7      | Found a sacrificial altar of Ru.
  8679 | D:7      | Found a faded altar of an unknown god.
  8680 | D:7      | Found a hazy altar of Hepliaklqana.
  8753 | D:7      | Reached skill level 5 in Evocations
  8778 | D:7      | Noticed an angel
  8885 | D:8      | Reached *** piety under Lugonu
  8897 | D:8      | HP: 1/40 [orc priest/divine providence (16)]
  8898 | D:8      | Slain by a killer bee
  8899 | D:8      | Reached XP level 8. HP: 0/55 MP: 21/21
  8915 | D:8      | Reached skill level 8 in Unarmed Combat
  9333 | D:8      | Noticed Maurice
  9334 | D:8      | Noticed Psyche
  9348 | D:8      | Killed Psyche
  9348 | D:8      | Reached skill level 9 in Unarmed Combat
  9352 | D:8      | Killed Maurice
  9352 | D:8      | Reached XP level 9. HP: 42/42 MP: 14/14
 10047 | D:8      | Noticed Joseph
 10061 | D:8      | Killed Joseph
 10061 | D:8      | Reached skill level 10 in Unarmed Combat
 10212 | D:8      | Slain by a yak
 10213 | D:8      | Reached XP level 8. HP: -4/39 MP: 13/13
 10415 | D:9      | Reached XP level 9. HP: 29/43 MP: 14/14
 10548 | D:9      | Reached **** piety under Lugonu
 10625 | D:9      | Reached skill level 11 in Unarmed Combat
 10634 | D:9      | HP: 2/43 [poisoned by a killer bee]
 10640 | D:9      | HP: 1/43 [poisoned by a killer bee]
 11045 | D:9      | Found a staircase to the Lair.
 11066 | D:9      | Reached XP level 10. HP: 43/48 MP: 16/16
 11199 | D:9      | Reached skill level 10 in Stealth
 11335 | D:9      | Reached skill level 12 in Unarmed Combat
 11942 | D:9      | Found a snail-covered altar of Cheibriados.
 11962 | D:9      | Reached ***** piety under Lugonu
 12067 | Lair:1   | Entered Level 1 of the Lair of Beasts
 12371 | Lair:1   | Noticed a spiny frog
 12379 | Lair:1   | Killed a spiny frog
 12598 | Lair:1   | Noticed a black mamba
 12608 | Lair:1   | Killed a black mamba
 13392 | Lair:2   | Reached XP level 11. HP: 52/52 MP: 17/17
 13397 | Lair:2   | Reached skill level 13 in Unarmed Combat
 13778 | Lair:2   | Reached skill level 10 in Dodging
 14078 | Lair:2   | Learned a level 4 spell: Fulminant Prism
 14419 | Lair:2   | Reached skill level 1 in Hexes
 14420 | Lair:2   | Reached skill level 1 in Spellcasting
 14830 | Lair:3   | Reached skill level 1 in Conjurations
 15126 | Lair:3   | Reached skill level 14 in Unarmed Combat
 15301 | Lair:3   | Learned a level 3 spell: Dazzling Spray
 15351 | Lair:3   | Noticed a queen ant
 16209 | Lair:3   | Noticed an eight-headed hydra
 16837 | Lair:3   | Killed a queen ant
 17184 | Lair:3   | Reached skill level 5 in Hexes
 17190 | Lair:3   | Noticed a six-headed hydra
 17827 | Lair:4   | Gained mutation: Your thick and shaggy fur keeps you warm. (AC +3, rC+) [Felid growth]
 17827 | Lair:4   | Reached XP level 12. HP: 56/56 MP: 19/19
 17833 | Lair:4   | Reached skill level 15 in Unarmed Combat
 18245 | Lair:4   | Slain by a black mamba
 18246 | Lair:4   | Reached XP level 11. HP: 0/52 MP: 18/18
 18246 | Lair:4   | Found a staircase to the Shoals.
 19102 | Lair:4   | Found a hole to the Spider Nest.
 19266 | Lair:5   | Noticed a death yak
 19266 | Lair:5   | Noticed a death yak
 19268 | Lair:5   | Noticed a death yak
 19273 | Lair:5   | Noticed a death yak
 20015 | D:10     | Entered Level 10 of the Dungeon
 20068 | D:10     | Gained mutation: Your muscles are strong. (Str +2) [mutagenic meat]
 20070 | D:10     | Gained mutation: You tend to lose your temper in combat. [mutagenic meat]
 20122 | D:10     | Noticed a hill giant
 20127 | D:10     | Killed a hill giant
 20610 | D:10     | Reached XP level 12. HP: 56/56 MP: 8/20
 20709 | D:10     | Reached ****** piety under Lugonu
 21069 | D:10     | Reached skill level 10 in Hexes
 21148 | D:11     | Reached skill level 16 in Unarmed Combat
 21204 | D:11     | Reached skill level 5 in Spellcasting
 21220 | D:11     | Reached skill level 5 in Conjurations
 23427 | D:12     | Noticed a death knight
 23626 | D:12     | Killed a death knight
 23683 | D:12     | Lost mutation: Your spells are a little harder to cast, but a little more powerful. [mutagenic meat]
 23684 | D:12     | Gained mutation: Your skin changes colour to match your surroundings (Stealth+). [mutagenic meat]
 23685 | D:12     | Lost mutation: You are partially covered in rugged brown scales. (AC +1, +3% HP) [mutagenic meat]
 23686 | D:12     | Lost mutation: Your body sometimes deteriorates upon taking damage. [mutagenic meat]
 23687 | D:12     | Gained mutation: You are partially covered in yellow scales. (AC +2) [mutagenic meat]
 24010 | D:12     | Found a staircase to the Orcish Mines.
 24476 | D:12     | Lost mutation: You tend to lose your temper in combat. [mutagenic meat]
 24477 | D:12     | Gained mutation: Your body sometimes deteriorates upon taking damage. [mutagenic meat]
 24489 | D:12     | Noticed a tengu warrior
 24497 | D:12     | Killed a tengu warrior
 24499 | D:12     | Reached XP level 13. HP: 29/58 MP: 7/22
 24796 | D:12     | Noticed a tengu reaver
 24815 | D:12     | Killed a tengu reaver
 24983 | D:12     | Noticed a tengu reaver
 25003 | D:12     | Killed a tengu reaver
 25251 | D:12     | Noticed a frost giant
 25261 | D:12     | Killed a frost giant
 25264 | D:12     | Slain by a cyclops
 25265 | D:12     | Reached XP level 12. HP: -4/82 MP: 6/22
 25364 | D:12     | Gained mutation: You are surrounded by a mild repulsion field. (EV +2) [mutagenic meat]
 25643 | D:13     | Gained mutation: You can translocate small distances at will. [mutagenic meat]
 25644 | D:13     | Lost mutation: You are partially covered in yellow scales. (AC +2) [mutagenic meat]
 25645 | D:13     | Gained mutation: Your magical capacity is low. (-10% MP) [mutagenic meat]
 25750 | D:13     | Found a shadowy altar of Dithmenos.
 25861 | D:13     | You fall through a shaft!
 25886 | D:14     | Noticed a centaur warrior
 25888 | D:14     | HP: 2/55 [centaur warrior/arrow (33)]
 25898 | D:14     | Killed a centaur warrior
 25903 | D:14     | HP: 4/82 [centaur[a centaur warrior] (8)]
 26201 | D:14     | Noticed Rupert
 26215 | D:14     | Killed Rupert
 26423 | D:13     | Mangled by an enchanted long sword

Skill      XL: |  1  2  3  4  5  6  7  8  9 10 11 12 13 |
---------------+----------------------------------------+-----
Stealth        | 1 2 3 4 5 9 10 11 12 | 12.5
Unarmed Combat | 3 4 6 9 11 12 14 16 | 16.9
Evocations     | 1 2 3 4 7 8 |  8.2
Dodging        | 4 5 6 9 10 11 | 11.4
Fighting       | 4 5 7 8 |  8.0
Hexes          | 9 13 12 | 13.0
Spellcasting   | 3 5 6 |  6.3
Conjurations   | 4 5 6 |  6.6
Invocations    | |  1.7

Action                   |  1- 3 |  4- 6 |  7- 9 | 10-12 | 13-15 || total
-------------------------+-------+-------+-------+-------+-------++-------
Melee: Unarmed           |    84 |   153 |   493 |  1078 |    42 ||  1850
       Bite              |     7 |    12 |    44 |   106 |     5 ||   174
       Punch             |     1 |     3 |    16 |    76 |     3 ||    99
 Cast: Dazzling Spray    |       |       |       |    37 |    20 ||    57
       Fulminant Prism   |       |       |       |     6 |     3 ||     9
Invok: Depart the Abyss  |     1 |       |       |       |       ||     1
       Bend Space        |       |       |       |     1 |       ||     1
 Abil: Evoke Berserk Rag |     1 |     2 |    17 |    24 |     2 ||    46
Evoke: Wand              |       |       |     2 |     1 |       ||     3
  Use: Scroll            |       |       |    19 |    14 |       ||    33
       Potion            |       |       |    10 |     8 |       ||    18
 Stab: Sleeping          |     9 |     8 |    13 |    42 |       ||    72
       Distracted        |       |     1 |       |    12 |       ||    13
       Invisible         |       |       |       |    13 |     2 ||    15
  Eat: Chunk             |     9 |     7 |    35 |    73 |     3 ||   127
Armor: Skin              |     4 |     9 |    50 |    45 |     2 ||   110
Dodge: Dodged            |    79 |   147 |   319 |   805 |    49 ||  1399
